 Dungeon Crawl Stone Soup version 0.31.0-32-g396128a36d (webtiles) character file.

Game seed: 8701737727180642498

33782 spaghetti the Bludgeoner (level 13, -3/211 HPs)
             Began as an Oni Berserker on Mar 22, 2024.
             Was a Priest of Trog.
             Slain by a blink frog (10 damage)
             ... on level 5 of the Lair of Beasts.
             The game lasted 00:18:54 (17595 turns).

spaghetti the Bludgeoner (Oni Berserker)           Turns: 17595, Time: 00:18:55

Health: -3/211     AC: 12    Str: 24    XL:     13   Next: 73%
Magic:  13/13      EV: 11    Int:  8    God:    Trog [***...]
Gold:   891        SH:  0    Dex: 12    Spells: 12/12 levels left

rFire   . . .        b - +0 giant club (heavy)
rCold   . . .        (shield currently unavailable)
rNeg    . . .        F - +3 swamp dragon scales
rPois   +            (helmet restricted)
rElec   .            (no cloak)
rCorr   .            (gloves unavailable)
SInv    .            (boots unavailable)
Will    +++..        (no amulet) Stlth
                     i - ring of willpower
HPRegen 0.55/turn    p - ring of willpower
MPRegen 0.13/turn

%: clarity
@: berserking, very quick
A: large, unfitting armour, horns 1, tough skin 1, double potion healing,
drunken brawling, clarity, shaggy fur 1
a: Renounce Religion, Berserk, Trog's Hand


You were on level 5 of the Lair of Beasts.
You worshipped Trog.
Trog was most pleased with you.
You visited 2 branches of the dungeon, and saw 13 of its levels.

You collected 1015 gold pieces.
You spent 124 gold pieces at shops.

Inventory:

Hand Weapons
 b - a +0 heavy giant club (weapon)
 s - a +5 dagger of venom
Missiles
 m - 5 poisoned darts
 z - 2 large rocks (quivered)
 G - 79 stones
 H - a throwing net
Armour
 F - +3 swamp dragon scales (worn)
Jewellery
 c - a ring of protection from fire
 i - a ring of willpower (left hand)
 k - a ring of magical power
 p - a ring of willpower (right hand)
 r - a ring of protection from fire
 u - a ring of willpower
 I - a ring of magical power
 J - a ring of resist corrosion
 L - an amulet of magic regeneration
Wands
 o - a wand of paralysis (10)
 y - a wand of polymorph (10)
 K - a wand of flame (22)
Scrolls
 e - 6 scrolls of amnesia
 f - 2 scrolls of blinking
 j - 5 scrolls of teleportation
 l - 3 scrolls of fog
 q - a scroll of torment
 t - 2 scrolls of vulnerability
 v - 2 scrolls of noise
 E - a scroll of enchant armour
 M - a scroll of revelation
Potions
 d - 3 potions of heal wounds
 g - 6 potions of curing
 n - 4 potions of enlightenment
 x - a potion of lignification
 A - 3 potions of mutation
 B - a potion of degeneration
 D - a potion of cancellation
 N - 2 potions of brilliance


   Skills:
 + Level 12.7 Fighting
 - Level 18.0 Maces & Flails
 + Level 5.2 Throwing
 + Level 7.2 Dodging
 - Level 3.6 Unarmed Combat
 + Level 4.3 Evocations


You had 12 spell levels left.
You didn't know any spells.
Your spell library was empty.

Dungeon Overview and Level Annotations

Branches:
Dungeon (8/15)             Temple (0/1) D:7            Lair (5/5) D:8
 Shoals (0/4) Lair:3       Spider (0/4) Lair:3        Slime (0/5) Lair:5

Altars:
Ashenzari
Dithmenos
Fedhas
Hepliaklqana
Kikubaaqudgha
Nemelex Xobeh
Okawaru
Ru
Trog
Vehumet
Wu Jian
Xom
Jiyva

Shops:
D:1 (   D:2 !   D:4 ?

Annotations:
Lair:2 3 runed translucent doors, octoduck's ghost, journeyman DrAl; systembuster's ghost, journeyman MiWr


Innate Abilities, Weirdness & Mutations

You are too large for most types of armour.
You have a pair of small horns on your head.
You have tough skin. (AC +1)
You gain doubled healing and magic from potions.
Whenever you drink a healing potion, you attack all around you.
You possess an exceptional clarity of mind.
You are covered in fur. (AC +1)


Message History

You thump the yak!
The yak is moderately wounded.
The blink frog hits you.
* * * LOW HITPOINT WARNING * * *
The blink frog blinks!
The yak gores you.
* * * LOW HITPOINT WARNING * * *
The yak gores you!
* * * LOW HITPOINT WARNING * * *
You flatten the yak like a pancake!!!!
You feel the power of Trog in you as your rage grows.
You kill the yak!
Trog accepts your kill.
The blink frog blinks! x2
You barely miss the yak. You headbutt the yak.
The yak is lightly wounded.
The blink frog blinks!
The yak gores you but does no damage.
The blink frog blinks!
You beat the yak like a drum!!!
You kill the yak!
Trog accepts your kill. The blink frog misses you.
You miss the rime drake.
The blink frog hits you but does no damage.
The blink frog blinks!
The blink frog hits you but does no damage.
You bludgeon the rime drake!!
The rime drake is almost dead.
The rime drake completely misses you. The blink frog misses you.
You bludgeon the rime drake!!
You kill the rime drake!
Trog accepts your kill.
Your skin stops crawling.
You feel less strong-willed.
The blink frog blinks!
The blink frog hits you!
* * * LOW HITPOINT WARNING * * *
You closely miss the blink frog. You headbutt the blink frog!
The blink frog is moderately wounded.
The blink frog blinks!
You miss the blink frog. Your headbutt misses the blink frog.
The blink frog hits you!
You die...

#..........#
#..........#
....#.....##
#........##
#........#
#..F.....#
.........##
........†§#
........F@#
#P......†##
##........#
..........#
#....#....#
##...#....##
....#....^.#
..#..†....#
...........P#


You could see 2 blink frogs.

Vanquished Creatures
  Nessos (Lair:5)
  2 hydras (Lair:5)
  2 boulder beetles
  A catoblepas (Lair:5)
  A skyshark (Lair:5)
  3 manticores (Lair:5)
  6 elephants
  5 black mambas
  14 cane toads
  A rime drake (Lair:5)
  Maggie (D:7)
  8 komodo dragons
  3 merfolk (Lair:3)
  4 polar bears
  8 blink frogs
  6 dream sheep (Lair:4)
  3 wyverns
  39 yaks
  2 basilisks
  3 steam dragons
  11 water moccasins
  A sky beast (D:7)
  2 ice beasts
  9 black bears
  3 ogres
  7 wolves
  A centaur (D:7)
  13 bullfrogs
  A kobold brigand (D:8)
  7 scorpions
  A burial acolyte (D:5)
  5 killer bees (D:8)
  4 electric eels
  5 howler monkeys
  3 hounds (D:5)
  4 jellies
  3 orc priests
  5 iguanas
  A sleepcap (D:5)
  5 orc wizards
  2 hound zombies (D:5)
  4 adders
  8 gnolls
  2 shadow imps (D:5)
  2 white imps (D:5)
  9 ufetubi
  An adder zombie (D:5)
  2 dart slugs
  4 ribbon worms
  26 orcs
  6 ball pythons
  5 bats
  8 endoplasms
  2 giant cockroaches
  A gnoll zombie (D:5)
  11 goblins
  10 hobgoblins
  3 jackals (D:1)
  13 kobolds
  A quokka (D:3)
  6 frilled lizards
  3 kobold zombies (D:5)
  3 rats
  A butterfly (Lair:1)
337 creatures vanquished.

Vanquished Creatures (collateral kills)
  3 elephants (Lair:1)
  A polar bear (Lair:2)
  2 yaks (D:8)
  A bullfrog (D:8)
  A howler monkey (D:7)
  5 orcs
13 creatures vanquished.

Vanquished Creatures (others)
  A water moccasin (Lair:5)
1 creature vanquished.

Grand Total: 351 creatures vanquished

Notes
Turn   | Place    | Note
-------+----------+-------------------------------------------
     0 | D:1      | spaghetti the Oni Berserker began the quest for the Orb.
     0 | D:1      | Reached XP level 1. HP: 24/24 MP: 1/1
    80 | D:1      | Reached XP level 2. HP: 25/32 MP: 2/2
   413 | D:1      | Found Ganiezamp's Antique Weapon Shop.
   569 | D:1      | Reached XP level 3. HP: 37/40 MP: 3/3
   793 | D:1      | Reached ** piety under Trog
   925 | D:2      | Found Osmeib's Distillery.
  1034 | D:2      | Bought a potion of curing for 39 gold pieces
  1224 | D:2      | Reached skill level 5 in Fighting
  1224 | D:2      | Reached XP level 4. HP: 49/50 MP: 4/4
  1271 | D:2      | Bought a potion of heal wounds for 65 gold pieces
  1787 | D:3      | Found a shimmering altar of Xom.
  2065 | D:3      | Found a shadowy altar of Dithmenos.
  2556 | D:4      | Found Hahot's Magic Scroll Emporium.
  2567 | D:4      | Bought a scroll of identify for 20 gold pieces
  2686 | D:4      | Noticed an ogre
  2693 | D:4      | Killed an ogre
  2694 | D:4      | Reached XP level 5. HP: 59/59 MP: 5/5
  2701 | D:4      | Reached *** piety under Trog
  2774 | D:4      | Reached skill level 1 in Throwing
  2774 | D:4      | Reached XP level 6. HP: 60/67 MP: 6/6
  2953 | D:4      | Found a radiant altar of Vehumet.
  2997 | D:5      | Entered Level 5 of the Dungeon
  3015 | D:5      | Reached skill level 1 in Evocations
  3284 | D:5      | Found an ancient bone altar of Kikubaaqudgha.
  3292 | D:5      | Reached XP level 7. HP: 76/76 MP: 7/7
  3708 | D:5      | Reached skill level 5 in Dodging
  3951 | D:5      | Reached XP level 8. HP: 88/88 MP: 8/8
  4078 | D:5      | Found an iron altar of Okawaru.
  4596 | D:5      | Found a sacrificial altar of Ru.
  4637 | D:5      | Reached **** piety under Trog
  5503 | D:6      | Reached skill level 1 in Maces & Flails
  5508 | D:6      | Reached skill level 2 in Maces & Flails
  5508 | D:6      | Reached XP level 9. HP: 78/98 MP: 9/9
  5612 | D:6      | Found a blossoming altar of Fedhas.
  5689 | D:6      | Reached skill level 3 in Maces & Flails
  6026 | D:6      | Reached skill level 4 in Maces & Flails
  6689 | D:7      | Reached skill level 5 in Maces & Flails
  6847 | D:7      | Noticed Maggie
  6863 | D:7      | Killed Maggie
  6864 | D:7      | Reached skill level 6 in Maces & Flails
  7004 | D:7      | Found a staircase to the Ecumenical Temple.
  7027 | D:7      | Identified the +6 flail "Unuusy" {venom, rN+}
  7068 | D:7      | Reached skill level 7 in Maces & Flails
  7417 | D:7      | Found a bloodstained altar of Trog.
  7628 | D:7      | Found an ornate altar of the Wu Jian Council.
  7638 | D:7      | Reached skill level 8 in Maces & Flails
  7945 | D:8      | Noticed a komodo dragon
  7955 | D:8      | Killed a komodo dragon
  7956 | D:8      | Reached XP level 10. HP: 77/107 MP: 10/10
  8045 | D:8      | Reached skill level 9 in Maces & Flails
  8065 | D:8      | Found a staircase to the Lair.
  8299 | D:8      | Noticed an elephant
  8308 | D:8      | Killed an elephant
  8312 | D:8      | Reached skill level 10 in Maces & Flails
  8455 | D:8      | Found a broken altar of Ashenzari.
  8460 | D:8      | Saw a vision of the Shoals and the Spider Nest.
  8460 | D:8      | Noticed a merfolk avatar
  8460 | D:8      | Noticed a harpy
  8460 | D:8      | Noticed a merfolk impaler
  8460 | D:8      | Noticed a wolf spider
  8460 | D:8      | Noticed an orb spider
  8460 | D:8      | Noticed a wolf spider
  8463 | D:8      | Noticed a merfolk aquamancer
  8464 | D:8      | Noticed a sun moth
  8743 | D:8      | Reached skill level 11 in Maces & Flails
  9048 | D:8      | Found a hazy altar of Hepliaklqana.
  9103 | D:8      | Found a sparkling altar of Nemelex Xobeh.
  9234 | Lair:1   | Entered Level 1 of the Lair of Beasts
  9238 | Lair:1   | Noticed a cane toad
  9266 | Lair:1   | Killed a cane toad
  9267 | Lair:1   | Reached skill level 12 in Maces & Flails
  9357 | Lair:1   | Reached XP level 11. HP: 115/115 MP: 11/11
  9823 | Lair:1   | Reached skill level 13 in Maces & Flails
 10223 | Lair:1   | Reached skill level 14 in Maces & Flails
 10230 | Lair:1   | Gained mutation: You possess an exceptional clarity of
                  | mind. [potion of mutation]
 10230 | Lair:1   | Gained mutation: You are covered in fur. (AC +1) [potion of
                  | mutation]
 11473 | Lair:2   | Noticed a boulder beetle
 11488 | Lair:2   | Killed a boulder beetle
 11489 | Lair:2   | Reached skill level 15 in Maces & Flails
 11758 | Lair:2   | Reached XP level 12. HP: 61/123 MP: 12/12
 12141 | Lair:2   | Found a runed translucent gate.
 12141 | Lair:2   | Found a runed translucent gate.
 12142 | Lair:2   | Found a runed translucent gate.
 12144 | Lair:2   | Noticed systembuster's ghost (journeyman MiWr)
 12144 | Lair:2   | Noticed octoduck's ghost (journeyman DrAl)
 12628 | Lair:2   | Reached skill level 16 in Maces & Flails
 14136 | Lair:3   | Found a hole to the Spider Nest.
 15050 | Lair:3   | Reached skill level 17 in Maces & Flails
 15053 | Lair:3   | Reached skill level 10 in Fighting
 15209 | Lair:3   | Found a staircase to the Shoals.
 16023 | Lair:4   | Reached XP level 13. HP: 112/136 MP: 13/13
 16513 | Lair:5   | Entered Level 5 of the Lair of Beasts
 16513 | Lair:5   | Noticed Nessos
 16533 | Lair:5   | Killed Nessos
 16735 | Lair:5   | Reached skill level 18 in Maces & Flails
 17421 | Lair:5   | Found a viscous altar of Jiyva.
 17422 | Lair:5   | Found a staircase to the Slime Pits.
 17576 | Lair:5   | Reached skill level 5 in Throwing
 17587 | Lair:5   | HP: 10/211 [yak (8)]
 17593 | Lair:5   | HP: 6/211 [blink frog (10)]
 17595 | Lair:5   | Slain by a blink frog

Illustrated notes

Levels and vault maps discovered:
D:1:      dpeg_arrival_arbitrary_b, layout_loops_corners, serial_shops, shop,
          minivault_24
D:2:      layout_rooms, serial_shops, shop
D:3:      layout_basic, mainiacjoe_overflow_paths,
          mainiacjoe_overflow_small_starburst
D:4:      layout_rooms, nicolae_vehumet_radiance, serial_shops, shop
D:5:      minmay_general_purpose_star, layout_cave_pods,
          hellmonk_okawaru_the_only_friend_you_need,
          regret_index_kikubaaqudgha_part_by_part, nicolae_ru_awakened_eye,
          minmay_joined_circles
D:6:      layout_basic, fedhas_altar_decomposition,
          amcnicky_mini_corridor_feature, serial_library_hellmonk_secret_room
D:7:      layout_gridville, nzn_wu_jian_contemplation, trog_hazing_becter,
          minmay_temple_entry_waves, uniq_maggie
D:8:      layout_rooms, lemuel_round_altar, overflow_temple_1_default,
          grunt_ashenzari_visionary [grunt_ashenzari_visionary_shoals,
          grunt_ashenzari_visionary_spider], grunt_lair_entry_orc_guard_hut,
          nicolae_lava_and_water
Lair:1:   layout_cave_shapes, st_stairs_7, pond, lemuel_fruit_fields,
          infiniplex_staircase_pool
Lair:2:   beast_lair_carwin_large_1, layout_cellular_growth,
          gammafunk_ghost_cemetery, minmay_holes, nzn_sisyphean_effort
Lair:3:   layout_chaotic_city, mainiacjoe_shoals_entry_four_pools,
          spider_nest_entry_web_field
Lair:4:   layout_regular_city, serial_bayou_shore_b, serial_bayou_shore_a
Lair:5:   gammafunk_lair_ancient_temple, layout_gridlike, slime_entry_1,
          uniq_nessos

Skill      XL: |  1  2  3  4  5  6  7  8  9 10 11 12 13 |
---------------+----------------------------------------+-----
Unarmed Combat | 3 |  3.6
Dodging        | 3 4 5 6 7 |  7.2
Fighting       | 5 6 7 9 10 12 | 12.7
Throwing       | 1 2 3 5 |  5.2
Evocations     | 1 2 3 4 |  4.3
Maces & Flails | 2 8 12 15 17 18 | 18.0

Action                     |  1- 3 |  4- 6 |  7- 9 | 10-12 | 13-15 || total
---------------------------+-------+-------+-------+-------+-------++-------
  Melee: Unarmed           |   100 |    30 |       |       |       ||   130
         Headbutt          |    12 |    18 |    65 |   128 |    22 ||   245
         Punch             |     3 |     4 |       |       |       ||     7
         Dagger            |       |    78 |   279 |   447 |       ||   804
         Giant club        |       |       |       |    84 |   104 ||   188
  Throw: Large rock        |       |       |       |     3 |     3 ||     6
         Stone             |       |       |       |       |    17 ||    17
         Dart              |       |       |       |       |    10 ||    10
 Invoke: Berserk           |     1 |     4 |       |    14 |     3 ||    22
         Brothers in Arms  |       |       |     1 |     3 |     3 ||     7
         Trog's Hand       |       |       |     1 |     3 |     2 ||     6
  Evoke: Wand              |       |       |       |     9 |     3 ||    12
    Use: Scroll            |       |     9 |     3 |    12 |     3 ||    27
         Potion            |       |     1 |     3 |    11 |     3 ||    18
   Stab: Sleeping          |       |     1 |     1 |       |       ||     2
 Armour: Animal skin       |    70 |    79 |   198 |       |       ||   347
         Swamp dragon scal |       |       |    40 |   671 |   171 ||   882
         Skin              |       |       |       |    40 |       ||    40
  Dodge: Dodged            |    60 |    65 |   196 |   381 |    91 ||   793
